 Dungeon Crawl Stone Soup version 0.21.1-1-g345015f (webtiles) character file.

1252 tidbits the Charmwright (level 8, -3/96 HPs)
             Began as a Gnoll Skald on June 20, 2018.
             Was a Follower of Cheibriados.
             Slain by a gnoll
             ... wielding a +0 spear
              (8 damage)
             ... on level 7 of the Dungeon.
             The game lasted 00:14:00 (1417 turns).

tidbits the Charmwright (Gnoll Skald)               Turns: 1417, Time: 00:14:01

Health: -3/96      AC:  5    Str: 20    XL:     8   Next: 51%
Magic:  11/17      EV: 16    Int: 19    God:    Cheibriados [*.....]
Gold:   221        SH:  0    Dex: 18    Spells: 8/19 levels left

rFire    . . .     SeeInvis +   a - +0 war axe
rCold    . . .     Gourm    .   (no shield)
rNeg     . . .     Faith    .   B - +2 animal skin
rPois    .         Spirit   .   q - +0 helmet
rElec    .         Reflect  .   (no cloak)
rCorr    .         Harm     .   (no gloves)
MR       .....                  (no boots)
Stlth    ..........             h - amulet of magic regeneration
HPRegen  0.26/turn              j - ring of see invisible
MPRegen  0.40/turn              (no ring)

@: berserking, infused, singing, very slow
A: distributed training, fangs 1, strong nose
a: Bend Time, Renounce Religion


You were on level 7 of the Dungeon.
You worshipped Cheibriados.
Cheibriados was aware of your devotion.
You were hungry.

You visited 2 branches of the dungeon, and saw 9 of its levels.

You collected 221 gold pieces.

Inventory:

Hand Weapons
 a - a +0 war axe (weapon)
 f - a +0 dagger
 m - a +0 hand axe
 n - a +0 hunting sling
 r - a +0 dagger of venom
   (You took it off a hobgoblin on level 2 of the Dungeon)
 A - the +0 whip "Mithrysk" {freeze, *Corrode +Fly rN+ Dex+3}
   (You found it on level 6 of the Dungeon)

   It has been specially enchanted to freeze those struck by it, causing extra
   injury to most foes and up to half again as much damage against particularly
   susceptible opponents.
   It can also slow down cold-blooded creatures.
   It affects your dexterity (+3).
   It protects you from negative energy.
   It lets you fly.
   It may corrode you when you take damage.
 D - a +0 shortbow
Missiles
 e - 39 arrows
 k - a throwing net {!f}
 o - 46 stones (quivered)
Armour
 b - a +0 leather armour
 q - a +0 helmet (worn)
 B - a +2 animal skin (worn)
Jewellery
 h - an amulet of magic regeneration (around neck)
   (You found it on level 1 of the Dungeon)
 j - a ring of see invisible (left hand)
   (You found it on level 2 of the Dungeon)
 p - an uncursed ring of ice
   (You found it on level 7 of the Dungeon)
Scrolls
 g - 2 scrolls of enchant weapon
 l - a scroll of fear
 s - a scroll of immolation
 t - a scroll of random uselessness
 u - a scroll of remove curse
 C - a scroll of teleportation
Potions
 i - a potion of berserk rage
 v - 2 potions of curing
 w - a potion of might {unknown}
 x - a potion of mutation {unknown}
 z - 2 potions of brilliance {unknown}
Books
 c - a book of Battle

   Spells                             Type                      Level
   a - Infusion                       Charms                       1
   b - Shroud of Golubria             Charms/Translocation         2
   c - Song of Slaying                Charms                       2
   d - Spectral Weapon                Hexes/Charms                 3
   e - Regeneration                   Charms/Necromancy            3
 y - a book of Debilitation
   (You found it on level 6 of the Dungeon)

   Spells                             Type                      Level
   a - Corona                         Hexes                        1
   b - Slow                           Hexes                        2
   c - Inner Flame                    Hexes/Fire                   3
   d - Portal Projectile              Hexes/Translocation          3
   e - Cause Fear                     Hexes                        4
   f - Leda's Liquefaction            Hexes/Earth                  4
Comestibles
 d - 8 rations


   Skills:
 + Level 5.7 Fighting
 + Level 3.2 Short Blades
 + Level 3.2 Long Blades
 + Level 5.7 Axes
 + Level 3.2 Maces & Flails
 + Level 3.2 Polearms
 + Level 3.2 Staves
 + Level 3.2 Slings
 + Level 3.2 Bows
 + Level 3.2 Crossbows
 + Level 3.2 Throwing
 + Level 4.2 Armour
 + Level 5.7 Dodging
 + Level 3.2 Stealth
 + Level 3.2 Shields
 + Level 3.2 Unarmed Combat
 + Level 6.0 Spellcasting
 + Level 2.6 Conjurations
 + Level 2.6 Hexes
 + Level 6.1 Charms
 + Level 2.6 Summonings
 + Level 2.6 Necromancy
 + Level 2.6 Translocations
 + Level 2.6 Transmutations
 + Level 2.6 Fire Magic
 + Level 2.6 Ice Magic
 + Level 2.6 Air Magic
 + Level 2.6 Earth Magic
 + Level 2.6 Poison Magic
 + Level 3.6 Invocations
 + Level 3.2 Evocations


You had 8 spell levels left.
You knew the following spells:

 Your Spells              Type           Power        Failure   Level  Hunger
g - Shroud of Golubria    Chrm/Tloc      ###.......   2%          2    None
i - Infusion              Chrm           ####         1%          1    None
r - Regeneration          Chrm/Necr      ###.......   5%          3    ##.....
w - Spectral Weapon       Hex/Chrm       ###.....     5%          3    ##.....
y - Song of Slaying       Chrm           ####....     1%          2    None


Dungeon Overview and Level Annotations

Branches:
Dungeon (8/15)             Temple (1/1) D:5
   Lair: D:8-11

Altars:
Cheibriados
Dithmenos
Fedhas
Kikubaaqudgha
Okawaru
Ru
Sif Muna
Trog
Uskayaw
Yredelemnul
Zin


Innate Abilities, Weirdness & Mutations

Your experience applies equally to all skills.
You have very sharp teeth.
Your uncanny sense of smell can sniff out nearby items.


Message History

You start singing a song of slaying.
Your shroud bends the gnoll's attack away. x2
Unknown command.
You hit the gnoll. You bite the gnoll, but do no damage.
The gnoll is severely wounded.
The gnoll hits you but does no damage. The gnoll closely misses you.
The gnoll hits you from afar with a spear!
Your shroud falls apart!
You barely miss the gnoll.
The gnoll is severely wounded.
The gnoll closely misses you. The gnoll barely misses you.
You barely miss the gnoll.
The gnoll is severely wounded.
Your magical infusion is running out.
The gnoll misses you. The gnoll barely misses you.
You slash the gnoll!
You kill the gnoll!
Cheibriados appreciates the change of pace.
The gnoll completely misses you.
The gnoll hits you from afar with a spear.
You see here a metallic emerald potion.
i - 2 metallic emerald potions (gained 1)
The gnoll misses you.
You are no longer magically infusing your attacks.
The gnoll misses you. The gnoll closely misses you.
Casting: Song of Slaying
Confirm with . or Enter, or press ? or * to list all spells.
Space distorts slightly along a thin shroud covering your body.
The gnoll hits you with a spear!
Your shroud falls apart!
The gnoll hits you from afar with a spear.
You closely miss the gnoll. The gnoll hits you with a spear.
The gnoll barely misses you. The gnoll closely misses you.
You hit the gnoll. You bite the gnoll, but do no damage.
The gnoll is moderately wounded.
The gnoll barely misses you. The gnoll hits you with a spear.
Casting: Shroud of Golubria
Confirm with . or Enter, or press ? or * to list all spells.
Your skin crawls.
The gnoll completely misses you.
Unknown command.
Casting: Regeneration
Confirm with . or Enter, or press ? or * to list all spells.
You begin infusing your attacks with magical energy.
You hit the hippogriff.
The hippogriff is lightly wounded.
Your skin is crawling a little less now.
The gnoll hits you from afar with a spear!
You hit the hippogriff!
You punch the hippogriff, but do no damage.
Your bite misses the hippogriff.
The hippogriff is moderately wounded.
The hippogriff completely misses you. The hippogriff misses you.
The hippogriff claws you.
The gnoll hits you from afar with a spear.
* * * LOW HITPOINT WARNING * * *
The hippogriff bites you.
* * * LOW HITPOINT WARNING * * *
The hippogriff pecks you!
* * * LOW HITPOINT WARNING * * *
The hippogriff completely misses you.
You barely miss the hippogriff. Your bite misses the hippogriff.
The hippogriff is moderately wounded.
The gnoll barely misses you. The hippogriff bites you.
* * * LOW HITPOINT WARNING * * *
The hippogriff misses you.
The hippogriff claws you but does no damage.
The gnoll hits you but does no damage.
You hit the hippogriff.
The hippogriff is moderately wounded.
The hippogriff closely misses you. The hippogriff pecks you.
* * * LOW HITPOINT WARNING * * *
The hippogriff misses you. The gnoll hits you but does no damage.
You slash the hippogriff!
The hippogriff is heavily wounded.
Your skin stops crawling.
The hippogriff closely misses you. The hippogriff completely misses you.
The hippogriff claws you.
* * * LOW HITPOINT WARNING * * *
The gnoll closely misses you.
It was a potion of curing.
You feel better. The hippogriff bites you!
* * * LOW HITPOINT WARNING * * *
The hippogriff pecks you.
* * * LOW HITPOINT WARNING * * *
The hippogriff claws you.
* * * LOW HITPOINT WARNING * * *
The gnoll hits you from afar with a spear.
* * * LOW HITPOINT WARNING * * *
It was a potion of berserk rage.
A red film seems to cover your vision as you go berserk!
Cheibriados protects you from inadvertent hurry.
You feel mighty! The hippogriff closely misses you. The hippogriff pecks you.
* * * LOW HITPOINT WARNING * * *
The hippogriff misses you. The gnoll hits you but does no damage.
Unknown command.
You barely miss the hippogriff.
The hippogriff is heavily wounded.
The hippogriff barely misses you. The hippogriff completely misses you.
The hippogriff claws you but does no damage.
The gnoll hits you from afar with a spear!
You die...

#.#
#.#
#.#
#.#
#.#
#.#
#.#
#.#
#@#
#H#
#g#
#g#
#g#


#Sg ∆ #.. ∆ #.. #... You could see a hippogriff, 4 gnolls and an adder.

Vanquished Creatures
  The ghost of sking99 the Ruffian, an amateur OgTm of Okawaru (D:7)
  An orc warrior (D:6)
  A phantom (D:6)
  A centaur (D:7)
  Blork the orc (D:4)
  3 crimson imps
  2 howler monkeys
  A jelly (D:6)
  A centaur skeleton (D:6)
  A gnoll shaman (D:8)
  4 hounds
  3 iguanas
  A worker ant (D:7)
  A killer bee zombie (D:6)
  A hound skeleton (D:7)
  Robin (D:2)
  8 adders
  A gnoll (D:7)
  A shadow imp (D:6)
  A worm (D:2)
  3 dart slugs
  3 leopard geckos
  8 orcs
  A ball python (D:2)
  2 bats
  A giant cockroach (D:2)
  11 goblins
  5 hobgoblins
  5 jackals
  A kobold (D:2)
  2 frilled lizards
  7 rats
84 creatures vanquished.

Vanquished Creatures (others)
  A bat (D:2)
1 creature vanquished.

Grand Total: 85 creatures vanquished

Notes
Turn   | Place    | Note
-------+----------+-------------------------------------------
     0 | D:1      | tidbits the Gnoll Skald began the quest for the Orb.
     0 | D:1      | Reached XP level 1. HP: 20/20 MP: 6/6
    80 | D:1      | Reached XP level 2. HP: 23/26 MP: 0/7
    88 | D:1      | Learned a level 2 spell: Song of Slaying
    91 | D:1      | Learned a level 2 spell: Shroud of Golubria
   281 | D:2      | Reached skill level 5 in Spellcasting
   281 | D:2      | Reached XP level 3. HP: 29/31 MP: 3/9
   290 | D:2      | Learned a level 3 spell: Regeneration
   294 | D:2      | Learned a level 3 spell: Spectral Weapon
   329 | D:2      | Reached skill level 1 in Invocations
   428 | D:2      | Noticed Robin
   429 | D:2      | Reached skill level 1 in Short Blades
   429 | D:2      | Reached skill level 1 in Long Blades
   429 | D:2      | Reached skill level 1 in Maces & Flails
   429 | D:2      | Reached skill level 1 in Polearms
   429 | D:2      | Reached skill level 1 in Staves
   429 | D:2      | Reached skill level 1 in Slings
   429 | D:2      | Reached skill level 1 in Bows
   429 | D:2      | Reached skill level 1 in Crossbows
   429 | D:2      | Reached skill level 1 in Throwing
   429 | D:2      | Reached skill level 1 in Stealth
   429 | D:2      | Reached skill level 1 in Shields
   429 | D:2      | Reached skill level 1 in Unarmed Combat
   429 | D:2      | Reached skill level 1 in Evocations
   435 | D:2      | Killed Robin
   435 | D:2      | Reached XP level 4. HP: 22/38 MP: 7/11
   488 | D:2      | Reached skill level 1 in Conjurations
   488 | D:2      | Reached skill level 1 in Hexes
   488 | D:2      | Reached skill level 1 in Summonings
   488 | D:2      | Reached skill level 1 in Necromancy
   488 | D:2      | Reached skill level 1 in Translocations
   488 | D:2      | Reached skill level 1 in Transmutations
   488 | D:2      | Reached skill level 1 in Fire Magic
   488 | D:2      | Reached skill level 1 in Ice Magic
   488 | D:2      | Reached skill level 1 in Air Magic
   488 | D:2      | Reached skill level 1 in Earth Magic
   488 | D:2      | Reached skill level 1 in Poison Magic
   638 | D:2      | Reached XP level 5. HP: 43/43 MP: 10/12
   770 | D:4      | Reached skill level 3 in Armour
   824 | D:4      | Noticed Blork the orc
   834 | D:4      | Killed Blork the orc
   834 | D:4      | Reached skill level 2 in Invocations
   834 | D:4      | Reached XP level 6. HP: 38/50 MP: 4/13
   855 | D:5      | Entered Level 5 of the Dungeon
   855 | D:5      | Found a staircase to the Ecumenical Temple.
   863 | Temple   | Entered the Ecumenical Temple
   878 | Temple   | Became a worshipper of Cheibriados the Contemplative
   965 | D:6      | Noticed a phantom
   967 | D:6      | Reached skill level 5 in Fighting
   967 | D:6      | Reached skill level 2 in Short Blades
   967 | D:6      | Reached skill level 2 in Long Blades
   967 | D:6      | Reached skill level 5 in Axes
   967 | D:6      | Reached skill level 2 in Maces & Flails
   967 | D:6      | Reached skill level 2 in Polearms
   967 | D:6      | Reached skill level 2 in Staves
   967 | D:6      | Reached skill level 2 in Slings
   967 | D:6      | Reached skill level 2 in Bows
   967 | D:6      | Reached skill level 2 in Crossbows
   967 | D:6      | Reached skill level 2 in Throwing
   967 | D:6      | Reached skill level 5 in Dodging
   967 | D:6      | Reached skill level 2 in Stealth
   967 | D:6      | Reached skill level 2 in Shields
   967 | D:6      | Reached skill level 2 in Unarmed Combat
   967 | D:6      | Reached skill level 2 in Evocations
   978 | D:6      | Killed a phantom
   978 | D:6      | Reached XP level 7. HP: 43/56 MP: 4/15
  1159 | D:6      | Reached skill level 2 in Conjurations
  1159 | D:6      | Reached skill level 2 in Hexes
  1159 | D:6      | Reached skill level 2 in Summonings
  1159 | D:6      | Reached skill level 2 in Necromancy
  1159 | D:6      | Reached skill level 2 in Translocations
  1159 | D:6      | Reached skill level 2 in Transmutations
  1159 | D:6      | Reached skill level 2 in Fire Magic
  1159 | D:6      | Reached skill level 2 in Ice Magic
  1159 | D:6      | Reached skill level 2 in Air Magic
  1159 | D:6      | Reached skill level 2 in Earth Magic
  1159 | D:6      | Reached skill level 2 in Poison Magic
  1204 | D:6      | Got a polished whip
  1223 | D:6      | Identified the cursed +0 whip "Mithrysk" {freeze, *Corrode +Fly rN+ Dex+3} (You found it on level 6 of the Dungeon)
  1237 | D:7      | Noticed sking99's ghost (amateur OgTm)
  1255 | D:7      | Reached * piety under Cheibriados
  1260 | D:7      | Killed sking99's ghost
  1260 | D:7      | Reached skill level 3 in Short Blades
  1260 | D:7      | Reached skill level 3 in Long Blades
  1260 | D:7      | Reached skill level 3 in Maces & Flails
  1260 | D:7      | Reached skill level 3 in Polearms
  1260 | D:7      | Reached skill level 3 in Staves
  1260 | D:7      | Reached skill level 3 in Slings
  1260 | D:7      | Reached skill level 3 in Bows
  1260 | D:7      | Reached skill level 3 in Crossbows
  1260 | D:7      | Reached skill level 3 in Throwing
  1260 | D:7      | Reached skill level 4 in Armour
  1260 | D:7      | Reached skill level 3 in Stealth
  1260 | D:7      | Reached skill level 3 in Shields
  1260 | D:7      | Reached skill level 3 in Unarmed Combat
  1260 | D:7      | Reached skill level 6 in Charms
  1260 | D:7      | Reached skill level 3 in Invocations
  1260 | D:7      | Reached skill level 3 in Evocations
  1260 | D:7      | Reached XP level 8. HP: 34/63 MP: 8/16
  1300 | D:7      | Reached skill level 6 in Spellcasting
  1385 | D:7      | Noticed a hippogriff
  1415 | D:7      | HP: 5/64 [gnoll/spear (2)]
  1417 | D:7      | Slain by a gnoll

Skill      XL: |  1  2  3  4  5  6  7  8 |
---------------+-------------------------+-----
Spellcasting   | 5 6 |  6.0
Invocations    | 1 2 3 |  3.6
Short Blades   | 1 2 3 |  3.2
Long Blades    | 1 2 3 |  3.2
Maces & Flails | 1 2 3 |  3.2
Polearms       | 1 2 3 |  3.2
Staves         | 1 2 3 |  3.2
Slings         | 1 2 3 |  3.2
Bows           | 1 2 3 |  3.2
Crossbows      | 1 2 3 |  3.2
Throwing       | 1 2 3 |  3.2
Stealth        | 1 2 3 |  3.2
Shields        | 1 2 3 |  3.2
Unarmed Combat | 1 2 3 |  3.2
Evocations     | 1 2 3 |  3.2
Conjurations   | 1 2 |  2.6
Hexes          | 1 2 |  2.6
Summonings     | 1 2 |  2.6
Necromancy     | 1 2 |  2.6
Translocations | 1 2 |  2.6
Transmutations | 1 2 |  2.6
Fire Magic     | 1 2 |  2.6
Ice Magic      | 1 2 |  2.6
Air Magic      | 1 2 |  2.6
Earth Magic    | 1 2 |  2.6
Poison Magic   | 1 2 |  2.6
Armour         | 3 4 |  4.2
Fighting       | 5 |  5.7
Axes           | 5 |  5.7
Dodging        | 5 |  5.7
Charms         | 6 |  6.1

Action                   |  1- 3 |  4- 6 |  7- 9 || total
-------------------------+-------+-------+-------++-------
Melee: Hand axe          |    51 |       |       ||    51
       Bite              |     6 |    10 |    13 ||    29
       War axe           |    18 |    58 |    80 ||   156
       Punch             |       |     1 |     2 ||     3
 Cast: Infusion          |     9 |     6 |     7 ||    22
       Song of Slaying   |     3 |     2 |     6 ||    11
       Shroud of Golubri |     1 |     1 |     5 ||     7
       Regeneration      |     1 |     7 |     8 ||    16
       Spectral Weapon   |     1 |     8 |     9 ||    18
  Use: Scroll            |       |     4 |     3 ||     7
       Potion            |       |       |     2 ||     2
 Stab: Sleeping          |       |     3 |       ||     3
  Eat: Chunk             |       |     1 |     3 ||     4
Armor: Leather armour    |    13 |     5 |     1 ||    19
       Animal skin       |       |       |    11 ||    11
Dodge: Dodged            |    58 |    49 |   105 ||   212

Table legend:
 A = Turns spent in this place as a percentage of turns spent in the entire game.
 B = Non-inter-level travel turns spent in this place as a percentage of non-inter-level travel turns spent in the entire game.
 C = Inter-level travel turns spent in this place as a percentage of turns spent in this place.
 D = Turns resting spent in this place as a percentage of non-inter-level travel turns spent in this place.
 E = Turns spent auto-exploring this place as a percentage of non-inter-level travel turns spent in this place.
 F = Non-inter-level travel turns spent in this place divided by the number of levels of this place that you've seen.
                   A       B       C       D       E      F
               +-------+-------+-------+-------+-------+----------------------
         Total | 100.0 | 100.0 |   1.0 |   0.0 |   0.0 | 155.9
       Dungeon |  97.8 |  98.8 |   0.0 |   0.0 |   0.0 | 173.2
        Temple |   2.2 |   1.2 |  45.2 |   0.0 |   0.0 |  17.0
               +-------+-------+-------+-------+-------+----------------------

Table legend:
 A = Kills in this place as a percentage of kills in entire the game.
 B = Kills by you in this place as a percentage of kills by you in the entire game.
 C = Kills by friends in this place as a percentage of kills by friends in the entire game.
 D = Other kills in this place as a percentage of other kills in the entire game.
 E = Experience gained in this place as a percentage of experience gained in the entire game.
 F = Experience gained in this place divided by the number of levels of this place that you have seen.
                   A       B       C       D       E      F
               +-------+-------+-------+-------+-------+----------------------
         Total | 100.0 | 100.0 |   N/A |   N/A | 100.0 | 198.8
       Dungeon | 100.0 | 100.0 |   N/A |   N/A | 100.0 | 223.6
               +-------+-------+-------+-------+-------+----------------------

Vault maps used:
D:1:      minmay_arrival_doors
D:2:      uniq_robin
D:3:      first_ration, uniq_sigmund
D:4:      uniq_natasha, uniq_blork_the_orc
D:5:      kennysheep_little_box, minmay_temple_entry_glass, serial_shops, shop,
          minmay_holes, uniq_pikel
D:8:      lair_entry_dummy, serial_shops, shop_fountains, grunt_livestock,
          uniq_psyche
Temple:   eino_narrow_crystal_temple
